| TOP OF THE 1ST |
|
Albuquerque Dukes batting - Pitching for Amarillo Gold Sox : RHP Stew Cliburn
|
|
Pitching: RHP Stew Cliburn
|
|
|
Batting: LHB Andres Romero
|
0-0: Ball 1-0: Ball 2-0: Foul Ball, location: 2F 2-1: Ball 3-1: Base on Balls
|
|
Batting: RHB Steven Patterson
|
0-0: Ball 1-0: Called Strike 1-1: Ball 2-1: Ball 3-1: SINGLE (Groundball, 34, EV 101.3 MPH) Andres Romero to second Runner from 2nd tries for 3rd, OUT! 9-5
|
|
Batting: LHB Darren Daulton
|
0-0: Ball 1-0: Foul Ball, location: 2F 1-1: Foul Ball, location: 2F 1-2: Ball 2-2: Fly out, F5 (Popup, 56S, EV 78.8 MPH)
|
|
Batting: LHB Dave Yobs
|
0-0: Fly out, F8 (Line Drive, 8LM, EV 98.1 MPH)
|
| Top of the 1st over - 0 runs, 1 hit, 0 errors, 1 left on base; Albuquerque 0 - Amarillo 0 |
| BOTTOM OF THE 1ST |
|
Amarillo Gold Sox batting - Pitching for Albuquerque Dukes : RHP Brad Lesley
|
|
Pitching: RHP Brad Lesley
|
|
|
Batting: SHB Mike Felder
|
0-0: Ball 1-0: SINGLE (Groundball, 13S, EV 74.4 MPH) (infield hit)
|
|
Batting: LHB Hector Arroyo
|
0-0: Called Strike Mike Felder steals 2nd base 0-1: Ball 1-1: SINGLE (Groundball, 4M, EV 107.5 MPH) (infield hit) Mike Felder to third
|
|
Batting: SHB Al Newman
|
0-0: Ball 1-0: Called Strike 1-1: SINGLE (Flyball, 34D, EV 95.6 MPH) Mike Felder scores Hector Arroyo to second
|
|
Batting: LHB Louie Meadows
|
0-0: Foul Ball, location: 2F 0-1: Swinging Strike 0-2: Foul Ball, location: 2F 0-2: Ball 1-2: Fielders Choice at 2nd, 4-6 (Groundball, 34D, EV 83.8 MPH) Hector Arroyo to third
|
|
Batting: SHB Steve Jeltz
|
0-0: Ball 1-0: Foul Ball, location: 2F 1-1: Ball 2-1: Foul Ball, location: 2F 2-2: Ball 3-2: Strikes out looking
|
|
Batting: LHB Derwin McNealy
|
0-0: Fly out, F9 (Flyball, 89S, EV 71.9 MPH)
|
| Bottom of the 1st over - 1 run, 3 hits, 0 errors, 2 left on base; Albuquerque 0 - Amarillo 1 |
| TOP OF THE 2ND |
|
Albuquerque Dukes batting - Pitching for Amarillo Gold Sox : RHP Stew Cliburn
|
|
Batting: RHB Jeffrey Ronk
|
0-0: Ball 1-0: Foul Ball, location: 2F 1-1: Ball 2-1: Swinging Strike 2-2: Ball 3-2: Foul Ball, location: 2F 3-2: Fly out, F8 (Flyball, 8LD, EV 75.0 MPH)
|
|
Batting: LHB Matthew Henderson
|
0-0: Foul Ball, location: 2F 0-1: Swinging Strike 0-2: Strikes out looking
|
|
Batting: RHB George Foussianes
|
0-0: Called Strike 0-1: Ground out 6-3 (Groundball, 6M, EV 103.8 MPH)
|
| Top of the 2nd over - 0 runs, 0 hits, 0 errors, 0 left on base; Albuquerque 0 - Amarillo 1 |
| BOTTOM OF THE 2ND |
|
Amarillo Gold Sox batting - Pitching for Albuquerque Dukes : RHP Brad Lesley
|
|
Batting: RHB Andrew Barbee
|
0-0: Swinging Strike 0-1: Called Strike 0-2: Ground out 6-3 (Groundball, 6, EV 87.5 MPH)
|
|
Batting: RHB Vic Alvarado
|
0-0: Ball 1-0: Fly out, F3 (Popup, 3S, EV 72.5 MPH)
|
|
Batting: RHB Chino Cadahia
|
0-0: Ball 1-0: Foul Ball, location: 2F 1-1: Fly out, F7 (Flyball, 7, EV 91.3 MPH)
|
| Bottom of the 2nd over - 0 runs, 0 hits, 0 errors, 0 left on base; Albuquerque 0 - Amarillo 1 |
| TOP OF THE 3RD |
|
Albuquerque Dukes batting - Pitching for Amarillo Gold Sox : RHP Stew Cliburn
|
|
Batting: RHB Edward Gates
|
0-0: Ball 1-0: Called Strike 1-1: Swinging Strike 1-2: Ground out 5-3 (Groundball, 56, EV 83.8 MPH)
|
|
Batting: RHB Kevin Harvey
|
0-0: Foul Ball, location: 2F 0-1: Foul Ball, location: 2F 0-2: Ball 1-2: Ball 2-2: Fly out, F7 (Line Drive, 7, EV 103.1 MPH)
|
|
Batting: LHB Andres Romero
|
0-0: Ball 1-0: Ground out 6-3 (Groundball, 6, EV 101.9 MPH)
|
| Top of the 3rd over - 0 runs, 0 hits, 0 errors, 0 left on base; Albuquerque 0 - Amarillo 1 |
| BOTTOM OF THE 3RD |
|
Amarillo Gold Sox batting - Pitching for Albuquerque Dukes : RHP Brad Lesley
|
|
Batting: SHB Mike Felder
|
0-0: Ball 1-0: Ball 2-0: Fly out, F9 (Flyball, 89XD, EV 91.9 MPH)
|
|
Batting: LHB Hector Arroyo
|
0-0: SINGLE (Groundball, 4MD, EV 101.9 MPH) (infield hit)
|
|
Batting: SHB Al Newman
|
0-0: Ball 1-0: Ball 2-0: Foul Ball, location: 2F 2-1: Called Strike 2-2: Fielders Choice at 2nd, 4-6 (Groundball, 4, EV 80.6 MPH)
|
|
Batting: LHB Louie Meadows
|
0-0: Ball 1-0: Swinging Strike 1-1: Ball 2-1: Fly out, F8 (Line Drive, 8RM, EV 88.1 MPH)
|
| Bottom of the 3rd over - 0 runs, 1 hit, 0 errors, 1 left on base; Albuquerque 0 - Amarillo 1 |
| TOP OF THE 4TH |
|
Albuquerque Dukes batting - Pitching for Amarillo Gold Sox : RHP Stew Cliburn
|
|
Batting: RHB Steven Patterson
|
0-0: Called Strike 0-1: Called Strike 0-2: Ball 1-2: Strikes out swinging
|
|
Batting: LHB Darren Daulton
|
0-0: Ball 1-0: Foul Ball, location: 2F 1-1: Swinging Strike 1-2: Foul Ball, location: 2F 1-2: Ball 2-2: Foul Ball, location: 2F 2-2: Foul Ball, location: 2F 2-2: Foul Ball, location: 2F 2-2: Foul Ball, location: 2F 2-2: Ball 3-2: SINGLE (Line Drive, 8RS, EV 93.8 MPH)
|
|
Batting: LHB Dave Yobs
|
0-0: Called Strike 0-1: Ball 1-1: SINGLE (Groundball, 6D, EV 96.3 MPH) Darren Daulton to second
|
|
Batting: RHB Jeffrey Ronk
|
0-0: Ball 1-0: Fly out, F8 (Flyball, 8RXD, EV 87.5 MPH) Runner from 2nd tags up, SAFE at 3rd, no throw by CF
|
|
Batting: LHB Matthew Henderson
|
0-0: Ball 1-0: Ball 2-0: Ball 3-0: Base on Balls Dave Yobs to second
|
|
Batting: RHB George Foussianes
|
0-0: Called Strike 0-1: Fly out, F8 (Line Drive, 8LM, EV 104.4 MPH)
|
| Top of the 4th over - 0 runs, 2 hits, 0 errors, 3 left on base; Albuquerque 0 - Amarillo 1 |
| BOTTOM OF THE 4TH |
|
Amarillo Gold Sox batting - Pitching for Albuquerque Dukes : RHP Brad Lesley
|
|
Batting: SHB Steve Jeltz
|
0-0: Ball 1-0: Foul Ball, location: 2F 1-1: SINGLE (Line Drive, 7LS, EV 86.9 MPH)
|
|
Batting: LHB Derwin McNealy
|
0-0: Called Strike 0-1: Foul Ball, location: 2F 0-2: Foul Ball, location: 2F 0-2: Ball 1-2: Strikes out swinging
|
|
Batting: RHB Andrew Barbee
|
0-0: Ball 1-0: Ball 2-0: Foul Ball, location: 2F 2-1: Grounds into double play, 6-4-3 (Groundball, 6, EV 102.5 MPH)
|
| Bottom of the 4th over - 0 runs, 1 hit, 0 errors, 0 left on base; Albuquerque 0 - Amarillo 1 |
| TOP OF THE 5TH |
|
Albuquerque Dukes batting - Pitching for Amarillo Gold Sox : RHP Stew Cliburn
|
|
Batting: RHB Edward Gates
|
0-0: Ball 1-0: Foul Ball, location: 2F 1-1: Ball 2-1: Foul Ball, location: 2F 2-2: Ground out 6-3 (Groundball, 6, EV 106.9 MPH)
|
|
Batting: RHB Kevin Harvey
|
0-0: Called Strike 0-1: Ball 1-1: Ball 2-1: Foul Ball, location: 2F 2-2: Ball 3-2: SINGLE (Line Drive, 8LS, EV 91.3 MPH)
|
|
Batting: LHB Andres Romero
|
0-0: Called Strike 0-1: Called Strike 0-2: Ball 1-2: Strikes out swinging
|
|
Batting: RHB Steven Patterson
|
0-0: Ball 1-0: Foul Ball, location: 2F 1-1: Fielders Choice at 2nd, 6-4 (Groundball, 6, EV 84.4 MPH)
|
| Top of the 5th over - 0 runs, 1 hit, 0 errors, 1 left on base; Albuquerque 0 - Amarillo 1 |
| BOTTOM OF THE 5TH |
|
Amarillo Gold Sox batting - Pitching for Albuquerque Dukes : RHP Brad Lesley
|
|
Batting: RHB Vic Alvarado
|
0-0: Called Strike 0-1: Ball 1-1: Called Strike 1-2: Foul Ball, location: 2F 1-2: Ball 2-2: Fly out, F7 (Flyball, 78M, EV 93.8 MPH)
|
|
Batting: RHB Chino Cadahia
|
0-0: Ball 1-0: Called Strike 1-1: Foul Ball, location: 2F 1-2: Strikes out swinging
|
|
Batting: SHB Mike Felder
|
0-0: Ball 1-0: SINGLE (Flyball, 34D, EV 86.3 MPH)
|
|
Batting: LHB Hector Arroyo
|
0-0: Ball 1-0: Foul Ball, location: 2F 1-1: SINGLE (Groundball, 6MS, EV 75.0 MPH) (infield hit) Mike Felder to second
|
|
Batting: SHB Al Newman
|
0-0: Called Strike 0-1: Fielders Choice at 2nd, 6-4 (Groundball, 6, EV 86.9 MPH)
|
| Bottom of the 5th over - 0 runs, 2 hits, 0 errors, 2 left on base; Albuquerque 0 - Amarillo 1 |
| TOP OF THE 6TH |
|
Albuquerque Dukes batting - Pitching for Amarillo Gold Sox : RHP Stew Cliburn
|
|
Batting: LHB Darren Daulton
|
0-0: Swinging Strike 0-1: Foul Ball, location: 2F 0-2: Strikes out swinging
|
|
Batting: LHB Dave Yobs
|
0-0: Called Strike 0-1: Called Strike 0-2: Ball 1-2: Ground out 1-3 (Groundball, 15, EV 67.5 MPH)
|
|
Batting: RHB Jeffrey Ronk
|
0-0: Ball 1-0: Foul Ball, location: 2F 1-1: Ball 2-1: Foul Ball, location: 2F 2-2: Foul Ball, location: 2F 2-2: Fly out, F9 (Flyball, 9S, EV 89.4 MPH)
|
| Top of the 6th over - 0 runs, 0 hits, 0 errors, 0 left on base; Albuquerque 0 - Amarillo 1 |
| BOTTOM OF THE 6TH |
|
Amarillo Gold Sox batting - Pitching for Albuquerque Dukes : RHP Brad Lesley
|
|
Batting: LHB Louie Meadows
|
0-0: Called Strike 0-1: Swinging Strike 0-2: Ball 1-2: Strikes out looking
|
|
Batting: SHB Steve Jeltz
|
0-0: Foul Ball, location: 2F 0-1: Ball 1-1: SINGLE (Flyball, 8LS, EV 93.8 MPH)
|
|
Batting: LHB Derwin McNealy
|
0-0: Ball Steve Jeltz is caught stealing 2nd base 2-6 1-0: Ball 2-0: Ball 3-0: Called Strike 3-1: Base on Balls
|
|
Batting: RHB Andrew Barbee
|
0-0: Ball 1-0: Called Strike 1-1: Foul Ball, location: 2F 1-2: Ball 2-2: Strikes out swinging
|
| Bottom of the 6th over - 0 runs, 1 hit, 0 errors, 1 left on base; Albuquerque 0 - Amarillo 1 |
| TOP OF THE 7TH |
|
Albuquerque Dukes batting - Pitching for Amarillo Gold Sox : RHP Stew Cliburn
|
|
Pitching: LHP Gregg Lorenz
|
|
|
Batting: LHB Matthew Henderson
|
0-0: Ball 1-0: Ball 2-0: Ground out 6-3 (Groundball, 6, EV 101.9 MPH)
|
|
Batting: RHB George Foussianes
|
0-0: Ball 1-0: Ball 2-0: Ball 3-0: Base on Balls
|
|
Batting: RHB Edward Gates
|
0-0: Ball 1-0: Foul Ball, location: 2F 1-1: Ball 2-1: Foul Ball, location: 2F 2-2: Fly out, F8 (Flyball, 78D, EV 104.4 MPH)
|
|
Pinch Hitting: RHB John Hanley
|
0-0: Ball 1-0: Ball 2-0: Foul Ball, location: 2F 2-1: Called Strike 2-2: Strikes out swinging
|
| Top of the 7th over - 0 runs, 0 hits, 0 errors, 1 left on base; Albuquerque 0 - Amarillo 1 |
| BOTTOM OF THE 7TH |
|
Amarillo Gold Sox batting - Pitching for Albuquerque Dukes : RHP Brad Lesley
|
|
Now at SS: Jim Smith
|
|
|
Batting: RHB Vic Alvarado
|
0-0: Called Strike 0-1: Swinging Strike 0-2: Ball 1-2: Strikes out looking
|
|
Batting: RHB Chino Cadahia
|
0-0: Called Strike 0-1: Ball 1-1: Ball 2-1: Ground out 6-3 (Groundball, 6, EV 80.0 MPH)
|
|
Batting: SHB Mike Felder
|
0-0: Ground out 6-3 (Groundball, 6M, EV 84.4 MPH)
|
| Bottom of the 7th over - 0 runs, 0 hits, 0 errors, 0 left on base; Albuquerque 0 - Amarillo 1 |
| TOP OF THE 8TH |
|
Albuquerque Dukes batting - Pitching for Amarillo Gold Sox : LHP Gregg Lorenz
|
|
Batting: LHB Andres Romero
|
0-0: Called Strike 0-1: Ball 1-1: Foul Ball, location: 2F 1-2: Ground out 4-3 (Groundball, 4, EV 85.0 MPH)
|
|
Batting: RHB Steven Patterson
|
0-0: SINGLE (Line Drive, 89M, EV 104.4 MPH)
|
|
Batting: LHB Darren Daulton
|
0-0: Foul Ball, location: 2F 0-1: Ball 1-1: Foul Ball, location: 2F 1-2: Foul Ball, location: 2F 1-2: Foul Ball, location: 2F 1-2: Foul Ball, location: 2F 1-2: Fielders Choice at 2nd, 4-6 (Groundball, 34, EV 90.0 MPH)
|
|
Pinch Hitting: RHB James Oros
|
0-0: Foul Ball, location: 2F 0-1: Fly out, F9 (Flyball, 9LM, EV 90.0 MPH)
|
| Top of the 8th over - 0 runs, 1 hit, 0 errors, 1 left on base; Albuquerque 0 - Amarillo 1 |
| BOTTOM OF THE 8TH |
|
Amarillo Gold Sox batting - Pitching for Albuquerque Dukes : RHP Brad Lesley
|
|
Now in RF: Rodney Kemp
|
|
|
Batting: LHB Hector Arroyo
|
0-0: Ball 1-0: Ball 2-0: Ball 3-0: Base on Balls
|
|
Batting: SHB Al Newman
|
0-0: Ball Hector Arroyo steals 2nd base 1-0: Swinging Strike 1-1: Ball 2-1: Ground out 4-3 (Groundball, 4, EV 106.9 MPH) Hector Arroyo to third
|
|
Batting: LHB Louie Meadows
|
0-0: Intentional Walk
|
|
Batting: SHB Steve Jeltz
|
0-0: Called Strike 0-1: Fly out, F2 (Popup, 15S, EV 89.4 MPH)
|
|
Batting: LHB Derwin McNealy
|
0-0: Swinging Strike 0-1: Ball 1-1: Ball 2-1: Foul Ball, location: 2F 2-2: Foul Ball, location: 2F 2-2: SINGLE (Flyball, 34D, EV 95.6 MPH) Hector Arroyo scores Louie Meadows to second Runner from 2nd tries for 3rd, SAFE, no throw by RF
|
|
Batting: RHB Andrew Barbee
|
0-0: Ground out U3 (Groundball, 3, EV 89.4 MPH)
|
| Bottom of the 8th over - 1 run, 1 hit, 0 errors, 2 left on base; Albuquerque 0 - Amarillo 2 |
| TOP OF THE 9TH |
|
Albuquerque Dukes batting - Pitching for Amarillo Gold Sox : LHP Gregg Lorenz
|
|
Pitching: RHP Bob Tewksbury
|
|
|
Batting: RHB Jeffrey Ronk
|
0-0: Ground out 3-1 (Groundball, 34, EV 90.0 MPH)
|
|
Batting: LHB Matthew Henderson
|
0-0: Called Strike 0-1: Ball 1-1: Ball 2-1: Foul Ball, location: 2F 2-2: Fly out, F8 (Line Drive, 8LD, EV 86.9 MPH)
|
|
Batting: RHB George Foussianes
|
0-0: Called Strike 0-1: Called Strike 0-2: Strikes out swinging
|
| Top of the 9th over - 0 runs, 0 hits, 0 errors, 0 left on base; Albuquerque 0 - Amarillo 2 |
|